Map: Abiogenesis LE

Players

GhostID

  • Race: Terran Terran
  • League: Platinum
  • Spawn Location: 5:00

axu - Winner!

  • Race: Protoss Protoss
  • League: Platinum
  • Spawn Location: 11:00

VOD

Have the link to the VOD?

Description

Time

  • Played on: March 7, 2018, 3:42 a.m.
  • Length: 6:53
Show
View Real Time Build Order
Export as new Build Order

GhostID Terran 

Build Orders: Reaper Expand 

Get SALT Encoding   

  12  0:01  SCV  
  13  0:13  SCV  
  14  0:20  Supply Depot  
  14  0:25  SCV  
  15  0:31  Refinery  
  15  0:43  Barracks  
  15  0:46  SCV  
  16  0:58  SCV  
  17  1:10  SCV  
  18  1:22  SCV  
  19  1:32  Reaper  
  20  1:41  Orbital Command  
  20  1:56  Command Center  
  20  2:01  Factory  
  20  2:10  SCV  
  20  2:13  Barracks Reactor  
  21  2:21  Supply Depot  
  22  2:22  SCV  
  22  2:35  SCV  
  23  2:50  Starport  
  23  2:54  Refinery  
  23  2:56  Factory Tech Lab  
  23  3:01  Marine  
  23  3:02  Marine  
  25  3:06  SCV  
  25  3:12  Orbital Command  
  26  3:24  Marine x2  
  28  3:34  Siege Tank  
  28  3:35  Orbital Command  
  31  3:42  Marine x2  
  33  3:54  Medivac  
  35  4:00  Marine x2  
  37  4:05  Supply Depot  
  37  4:06  SCV x2  
  39  4:18  SCV x2  
  39  4:21  Marine x2  
  43  4:24  Siege Tank  
  43  4:31  SCV  
  47  4:50  Bunker  
  47  4:54  Marine x2  
  47  4:59  Viking  
  42  5:32  Bunker  
  42  5:41  Engineering Bay  
  38  5:55  Marine  
  38  5:57  Starport Reactor, Siege Tank  
  41  5:58  SCV  
  41  5:59  SCV  
  43  6:09  Missile Turret  
  43  6:10  SCV  
  43  6:11  SCV  
  45  6:14  Marine x2, Missile Turret  
  47  6:26  Missile Turret  
Show
View Real Time Build Order
Export as new Build Order

axu Protoss - Winner!

Build Orders: 1 Gate Expand, Oracle Opening 

Get SALT Encoding   

  12  0:01  Probe  
  13  0:13  Probe  
  14  0:19  Pylon  
  14  0:27  Probe  
  15  0:39  Gateway  
  15  0:42  Probe  
  16  0:47  Assimilator  
  16  0:54  Probe  
  17  1:06  Probe  
  18  1:18  Probe  
  19  1:31  Probe  
  19  1:32  Nexus  
  20  1:40  Cybernetics Core  
  20  1:45  Probe  
  21  2:00  Probe  
  22  2:03  Assimilator  
  22  2:04  Pylon  
  21  2:14  Probe  
  22  2:21  Stalker (Chrono Boost)  
  24  2:37  Stargate  
  24  2:39  Probe  
  25  2:45  Probe  
  26  2:51  Probe  
  26  2:57  Probe  
  28  3:02  Warp Gate (Chrono Boost)  
  28  3:03  Probe  
  29  3:09  Probe  
  29  3:10  Pylon  
  30  3:15  Probe  
  31  3:22  Probe  
  32  3:27  Probe  
  32  3:32  Gateway  
  32  3:33  Gateway  
  32  3:34  Probe  
  34  3:36  Robotics Facility  
  34  3:39  Oracle, Probe  
  38  3:52  Probe x2  
  40  4:04  Probe x2  
  42  4:10  Pylon  
  42  4:11  Stalker  
  42  4:14  Pylon  
  44  4:21  Stalker x2  
  44  4:23  Probe x2  
  50  4:29  Twilight Council  
  50  4:33  Observer  
  50  4:36  Assimilator  
  51  4:40  Assimilator  
  51  4:42  Probe x2  
  53  4:54  Probe  
  54  5:32  Immortal (Chrono Boost)  
  58  5:37  Stalker  
  58  5:38  Stalker x2  
  56  5:59  Gateway  
  56  6:01  Gateway  
  56  6:03  Stalker x3  
  56  6:04  Shield Battery  
  62  6:05  Shield Battery  
  62  6:08  Immortal  
  66  6:13  Probe x2  
  68  6:25  Probe x2  
  66  6:41  Stalker x3  
Tags
 
Add a new tag
Caveats
  • Supply blocks, unpowered buildings, or Contaminate may cause inaccurate times.
  • Supply counts are checked every 10 seconds.